 Dungeon Crawl Stone Soup version 0.17-a0-1997-ga88ed7d (webtiles) character file.

105 Mordenkainen the Magician (level 4, 0/24 HPs)
             Began as a Deep Elf Wizard on Oct 8, 2015.
             Slain by an ooze (1 damage)
             ... on level 2 of the Dungeon.
             The game lasted 00:03:43 (1061 turns).

Mordenkainen the Magician (Deep Elf Wizard)         Turns: 1061, Time: 00:03:44

Health: 0/24       AC:  2    Str:  4    XL:     4   Next: 53%
Magic:  12/13      EV: 12    Int: 24    God:
Gold:   72         SH:  0    Dex: 13    Spells: 4 memorised, 6 levels left

rFire  . . .     SeeInvis .     n - +1 falchion (drain)
rCold  . . .     Clarity  .     a - +0 robe
rNeg   . . .     SustAt   .     (no shield)
rPois  .         Gourm    .     b - +0 hat
rElec  .         Spirit   .     (no cloak)
rCorr  .         Warding  .     (no gloves)
rMut   .         Stasis   .     (no boots)
MR     .....                    (no amulet)
Stlth  ++........               (no ring)
                                (no ring)

@: not resistant to hostile enchantments, unstealthy
A: no striking features
a: no special abilities


You were on level 2 of the Dungeon.
You were not hungry.

You visited 1 branch of the dungeon, and saw 2 of its levels.

You collected 72 gold pieces.

Inventory:

Hand Weapons
 f - a +1 dagger of holy wrath
 n - a +1 falchion of draining (weapon)
Armour
 a - a +0 robe (worn)
 b - a +0 hat (worn)
Scrolls
 h - a scroll of blinking {unknown}
 m - a scroll of fear {unknown}
Potions
 e - 2 potions of magic
 i - 2 potions of curing {unknown}
 k - a potion of might {unknown}
 l - a potion of haste {unknown}
Books
 c - a book of Minor Magic

   Spells                             Type                      Level
   a - Magic Dart                     Conjuration                  1
   b - Blink                          Translocation                2
   c - Call Imp                       Summoning                    2
   d - Repel Missiles                 Charms/Air                   2
   e - Slow                           Hexes                        2
   f - Conjure Flame                  Conjuration/Fire             3
   g - Mephitic Cloud                 Conjuration/Poison/Air       3
Comestibles
 d - 2 bread rations
 g - a meat ration


   Skills:
 - Level 2.4 Dodging
 - Level 2.4 Stealth
 + Level 5.0 Spellcasting
 * Level 4.4 Conjurations
 - Level 1.1 Summonings
 - Level 1.1 Translocations


You had 6 spell levels left.
You knew the following spells:

 Your Spells              Type           Power        Failure   Level  Hunger
a - Magic Dart            Conj           ####         1%          1    None
b - Blink                 Tloc           N/A          12%         2    None
c - Call Imp              Summ           ##......     12%         2    None
r - Repel Missiles        Chrm/Air       #.....       14%         2    None


Dungeon Overview and Level Annotations

Branches:
Dungeon (2/15)

Altars:
Okawaru
Yredelemnul


Message History

Confirm with . or Enter, or press ? or * to list all spells.
Aiming: Magic Dart
Press: ? - help, Shift-Dir - straight line, f/p - quokka
Aim: a quokka (lightly wounded)
The magic dart hits the quokka.
The quokka is almost dead.
* * * LOW MAGIC WARNING * * *
The quokka closely misses you.
Drink which item? (? for menu, Esc to quit)
It was a potion of magic.
Magic courses through your body. The quokka barely misses you.
Casting: Magic Dart
Confirm with . or Enter, or press ? or * to list all spells.
Aiming: Magic Dart
Press: ? - help, Shift-Dir - straight line, f/p - quokka
Aim: a quokka (almost dead)
The magic dart hits the quokka.
You kill the quokka!
The ooze hits you.
You die...

##...###......†)..<.###..#.#
##...#...#...###...........
##...)....#.......#######.
###......######### ####.
###.#### #.... #......#
#.##. #.#.##.#
##########.##. #.#.##.#
.............. # #..#@#
........##.#.. ##.#J#
........##.... .#)#
...........#.. #......#
.......(####.. ####...#
........####.. #.....
.............. #.#...
###########.## #.....# #.# #
...## #.#


You could see an ooze.

Vanquished Creatures
  Jessica (D:2)
  3 gnolls (D:2)
  An adder (D:2)
  An ooze (D:1)
  A worm (D:2)
  4 bats
  A giant cockroach (D:2)
  2 hobgoblins (D:1)
  A quokka (D:2)
  A ball python (D:1)
  4 giant geckos (D:1)
  2 giant newts (D:1)
  4 goblins
  6 kobolds
  A rat (D:2)
33 creatures vanquished.

Notes
Turn   | Place    | Note
--------------------------------------------------------------
     0 | D:1      | Mordenkainen the Deep Elf Wizard began the quest for the Orb.
     0 | D:1      | Reached XP level 1. HP: 10/10 MP: 7/7
    83 | D:1      | Reached XP level 2. HP: 15/15 MP: 2/9
   723 | D:2      | Reached XP level 3. HP: 16/19 MP: 5/10
   729 | D:2      | Learned a level 2 spell: Call Imp
   733 | D:2      | Learned a level 2 spell: Blink
   737 | D:2      | Learned a level 2 spell: Repel Missiles
   759 | D:2      | Found a basalt altar of Yredelemnul.
   810 | D:2      | Noticed Jessica
   813 | D:2      | Killed Jessica
   975 | D:2      | Reached XP level 4. HP: 24/24 MP: 10/12
  1019 | D:2      | Found an iron altar of Okawaru.
  1037 | D:2      | Reached skill level 5 in Spellcasting
  1058 | D:2      | HP: 1/24 [quokka (2)]
  1061 | D:2      | Slain by an ooze

Vault maps used:
D:1:      minmay_arrival_wavy_path
D:2:      nicolae_overflow_crystal_walls, okawaru_ov_weapons_minmay,
          serial_glass, glass_columns_a, glass_columns_a,
          uniq_crazy_yiuf_cottage, uniq_jessica

Action                   |  1- 3 |  4- 6 || total
-------------------------+-------+-------++-------
Melee: Dagger            |    29 |     3 ||    32
       Falchion          |       |     6 ||     6
 Cast: Magic Dart        |    40 |    22 ||    62
  Use: Potion            |       |     1 ||     1
 Stab: Sleeping          |     1 |       ||     1
